Map: Ever Dream LE

Players

Wanderer

  • Race: Terran Terran
  • League: Master
  • Spawn Location: 7:00

A.I. 2 (Very Easy) - Winner!

  • Race: Zerg Zerg
  • Spawn Location: 1:00

VOD

Have the link to the VOD?

Description

Time

  • Played on: May 17, 2020, 11:20 a.m.
  • Length: 11:04
Show
View Real Time Build Order
Export as new Build Order

Wanderer Terran 

Build Orders: Reaper Expand, Mech 

Get SALT Encoding   

  12  0:00  SCV  
  13  0:13  SCV  
  14  0:17  Supply Depot  
  14  0:25  SCV  
  15  0:39  SCV  
  15  0:40  Barracks  
  16  0:42  Refinery  
  16  0:51  SCV  
  17  1:03  SCV  
  18  1:15  SCV  
  19  1:27  Reaper  
  19  1:29  Orbital Command  
  20  1:38  Command Center  
  20  1:52  Supply Depot  
  20  1:55  SCV  
  20  2:00  Marine  
  22  2:08  Bunker  
  22  2:13  SCV  
  23  2:19  Factory  
  23  2:23  Barracks Reactor  
  23  2:26  Refinery  
  23  2:28  SCV  
  24  2:41  SCV  
  25  2:50  Orbital Command  
  25  2:54  SCV  
  26  3:04  Starport  
  26  3:06  SCV  
  26  3:10  Hellion x2  
  26  3:12  Marine  
  31  3:16  SCV  
  31  3:18  Supply Depot  
  33  3:22  SCV  
  34  3:28  SCV  
  34  3:32  Hellion x2  
  39  3:34  SCV  
  39  3:41  Supply Depot  
  40  3:43  SCV  
  40  3:46  SCV  
  42  3:50  Starport Tech Lab  
  42  3:53  Fusion Core  
  42  3:56  Marine  
  42  3:58  SCV  
  42  3:59  SCV  
  45  4:08  Viking  
  47  4:13  SCV x2  
  49  4:18  Hellion x2  
  49  4:21  Supply Depot  
  53  4:26  SCV  
  53  4:27  SCV  
  55  4:38  SCV  
  55  4:39  SCV  
  55  4:45  Hellion x2, Battlecruiser  
  67  4:48  Supply Depot x2  
  67  4:49  Supply Depot  
  67  4:53  SCV x2  
  67  4:57  Refinery  
  67  4:58  Refinery  
  69  5:06  SCV  
  70  5:10  SCV  
  70  5:14  Hellion x2  
  75  5:24  Weapon Refit  
  75  5:26  SCV x2  
  75  5:27  Command Center  
  77  5:32  Supply Depot  
  77  5:33  Supply Depot  
  77  5:38  SCV x2  
  79  5:44  Marine  
  79  5:48  Hellion x2  
  90  5:50  Battlecruiser  
  90  5:52  SCV  
  90  5:56  Factory  
  91  6:01  Factory  
  92  6:04  SCV x2  
  92  6:16  SCV  
  92  6:18  Refinery  
  93  6:22  SCV, Refinery  
  93  6:24  Hellion x2  
  98  6:28  SCV, Supply Depot  
  99  6:35  Supply Depot  
  99  6:37  Supply Depot  
  99  6:40  Orbital Command  
  99  6:46  SCV  
  99  6:47  SCV  
  101  6:50  Hellion x2  
  101  6:51  Factory Tech Lab x2  
  105  6:55  Factory  
  105  6:56  Factory, Armory x2  
  105  6:58  SCV  
  106  7:05  SCV  
  107  7:11  SCV  
  107  7:14  Siege Tank x2  
  114  7:22  Hellion x2  
  118  7:24  Orbital Command  
  118  7:29  SCV  
  120  7:30  SCV  
  120  7:41  Factory Tech Lab  
  120  7:42  Factory Reactor  
  120  7:44  Hellion  
  120  7:45  Hellion  
  120  7:46  SCV  
  120  7:47  SCV  
  120  7:50  SCV  
  127  7:53  Terran Vehicle Weapons Level 1, Terran Vehicle And Ship Armor Level 1  
  127  7:58  Hellion, Siege Tank  
  132  7:59  SCV  
  132  8:05  Engineering Bay  
  133  8:10  SCV  
  134  8:16  Battlecruiser  
  134  8:19  Siege Tank  
  143  8:31  Hellion x2  
  147  8:37  Hellion  
  149  8:41  Supply Depot  
  149  8:42  Supply Depot x2  
  149  8:46  Hellion, Siege Tank x2  
  149  8:48  Command Center  
  157  8:52  Hellion  
  159  9:06  Supply Depot  
  159  9:08  Supply Depot  
  159  9:09  Supply Depot  
  159  9:10  Hellion x2  
  159  9:11  Hellion x2  
  159  9:15  Sensor Tower  
  167  9:31  Ghost Academy  
  167  9:33  Barracks Tech Lab  
  167  9:51  Hellion x2, Battlecruiser, Siege Tank x2  
  167  9:52  Hellion x2  
  190  9:58  Command Center  
  190  9:59  Command Center x2  
  190  10:05  Planetary Fortress  
  190  10:13  Siege Tank  
  190  10:21  Command Center  
  190  10:45  Refinery  
  190  10:53  Starport  
  190  10:54  Starport  
  190  10:56  Factory  
  190  10:59  Factory  
Show
View Real Time Build Order
Export as new Build Order

A.I. 2 (Very Easy) Zerg - Winner!

Build Orders: Pool First 

Get SALT Encoding   

  12  0:01  Drone  
  13  0:12  Overlord  
  13  0:16  Drone  
  14  0:35  Spawning Pool  
  14  0:37  Extractor  
  14  0:39  Drone  
  13  0:47  Drone  
  14  0:52  Overlord  
  14  1:22  Zergling x2  
  14  1:23  Queen  
  17  1:31  Roach Warren  
  16  1:34  Drone  
  16  1:38  Extractor  
  16  1:42  Drone, Zergling x2  
  18  1:55  Drone  
  19  2:02  Zergling x2  
  19  2:06  Drone  
  21  2:17  Drone  
  22  2:27  Drone  
  23  2:30  Overlord  
  23  2:35  Drone  
  24  2:42  Drone  
  25  5:57  Zergling x2  
  25  6:01  Drone, Overlord, Lair  
  27  6:08  Drone  
  28  6:15  Drone  
  29  6:23  Drone  
  29  6:26  Roach  
  29  6:30  Drone  
  30  6:55  Zergling x2  
  30  6:59  Overseer x2  
  31  7:19  Hatchery  
  30  7:39  Roach  
  32  8:23  Roach  
  34  8:32  Drone  
  35  8:39  Drone  
  35  8:40  Extractor  
  35  8:42  Extractor  
  35  8:46  Drone  
  35  8:53  Drone  
  36  9:01  Drone  
  37  9:08  Drone  
  38  9:15  Drone  
  39  9:22  Drone  
  40  9:30  Drone  
  41  9:37  Drone  
  42  9:44  Drone  
  43  9:51  Drone  
  44  9:58  Drone  
  45  10:00  Overlord  
  45  10:05  Drone  
  46  10:13  Drone  
  47  10:20  Drone  
  48  10:27  Drone  
  49  10:34  Drone  
Tags
 
Composition
Mech
League
Master
Matchup
TvZ
Player
Wanderer
Spawn Locations
Cross Positions
Add a new tag
Caveats
  • Supply blocks, unpowered buildings, or Contaminate may cause inaccurate times.
  • Supply counts are checked every 10 seconds.